 Dungeon Crawl Stone Soup version 0.27.0-1-g7a089689b8 (webtiles) character file.

Game seed: 13282696811103362810

611 GordonOverkill the Sneak (level 7, -13/41 HPs)
             Began as a Deep Elf Brigand on Aug 8, 2021.
             Was a Believer of Jiyva.
             Killed from afar by a steam dragon (18 damage)
             ... with a ball of steam
             ... on level 6 of the Dungeon.
             The game lasted 00:13:27 (5884 turns).

GordonOverkill the Sneak (Deep Elf Brigand)         Turns: 5884, Time: 00:13:28

Health: -13/41     AC:  7    Str: 12    XL:     7   Next: 20%
Magic:  6/9        EV: 10    Int: 15    God:    Jiyva [**....]
Gold:   74         SH:  0    Dex: 15    Spells: 6/6 levels left

rFire    . . .     SeeInvis .   a - +2 dagger
rCold    . . .     Faith    .   (no shield)
rNeg     . . .     Spirit   .   g - +0 ring mail
rPois    .         Reflect  .   k - +1 hat
rElec    .         Harm     .   c - +0 cloak
rCorr    .         Rampage  .   (no gloves)
Will     .....                  (no boots)
Stlth    +++.......             (no amulet)
HPRegen  0.13/turn              (no ring)
MPRegen  0.11/turn              (no ring)

@: no status effects
A: no striking features
a: Renounce Religion, Request Jelly


You were on level 6 of the Dungeon.
You worshipped Jiyva.
Jiyva was pleased with you.
You visited 1 branch of the dungeon, and saw 6 of its levels.

You collected 74 gold pieces.

Inventory:

Hand Weapons
 a - a +2 dagger (weapon)
Armour
 c - a +0 cloak (worn)
 e - a +0 robe of willpower
 g - a +0 ring mail (worn)
 k - a +1 hat (worn)
Scrolls
 h - 2 scrolls of teleportation
Potions
 b - 2 potions of flight
 d - a potion of brilliance


   Skills:
 + Level 3.5 Fighting
 * Level 5.8 Short Blades
 - Level 2.0 Throwing
 - Level 1.2 Dodging
 - Level 7.0 Stealth


You had 6 spell levels left.
You didn't know any spells.
Your spell library contained the following spells:

 Spells                   Type           Power      Damage    Failure   Level
 Fulminant Prism          Conj/Hex       0%         3d6       99%         4
 Iskenderun's Mystic Bla  Conj/Tloc      0%         2d3       99%         4
 Lee's Rapid Deconstruct  Erth           0%         3d5*      100%        5


Dungeon Overview and Level Annotations

Branches:
Dungeon (6/15)             Temple (0/1) D:4

Altars:
Ashenzari
Cheibriados
Okawaru
Ru
Trog
The Shining One
Jiyva

Annotations:
D:4 1 runed translucent door, teukkam's ghost, amateur TrFi


Message History

You hear a shout!
You swap places.
The jelly is engulfed in a cloud of scalding steam.
Something bites the jelly.
Something claws the jelly.
The jelly dies!
The steam dragon bites you!
* * * LOW HITPOINT WARNING * * *
The steam dragon closely misses you. The steam dragon breathes steam at you.
The ball of steam hits you!!
* * * LOW HITPOINT WARNING * * *
The steam dragon breathes steam at you. The ball of steam misses you.
The jelly is engulfed in a cloud of scalding steam.
You swap places.
You are engulfed in a cloud of scalding steam.
The jelly is engulfed in a cloud of scalding steam.
Really walk into that cloud of steam?
Okay, then.
Unknown command.
Okay, then.
Okay, then.
Really walk into that cloud of steam?
Okay, then.
You barely miss the steam dragon.
The steam dragon is moderately wounded.
The steam dragon is no longer covered in acid.
You hit the steam dragon.
The steam dragon is moderately wounded.
The steam dragon bites you but does no damage.
The steam dragon claws you.
* * * LOW HITPOINT WARNING * * *
Unknown command.
Unknown command.
The steam dragon breathes steam at you. The ball of steam misses you.
A shadow imp comes into view.
The steam dragon breathes steam at you. The ball of steam hits you!!
You die...

### ## #.. ..#
#.# ###.# #.#
..#.# #.# #.#.#
.#######.# #.#.#
>......@§###.#.##
######.#.§D5....#
#.#####.#..#
#####.#.# #.#..#
#..<..#.# #5#..#
#.#.###.# ..#..#
#.#.# #.# ###..#
#.#.###.# # #..#
#.#.....# .###..#


You could see a steam dragon (catching breath) and a shadow imp.

Vanquished Creatures
  Sigmund (D:5)
  A necrophage (D:6)
  An ogre (D:6)
  A scorpion (D:5)
  A centaur zombie (D:5)
  A bullfrog skeleton (D:5)
  An orc wizard (D:4)
  An iguana (D:5)
  A hound skeleton (D:4)
  A howler monkey zombie (D:5)
  3 adders
  A worm (D:2)
  6 dart slugs
  5 orcs
  4 bats
  4 giant cockroaches
  3 goblins
  9 hobgoblins
  4 jackals (D:1)
  3 quokkas
  2 ball pythons
  2 frilled lizards
  A kobold (D:1)
  3 rats (D:1)
60 creatures vanquished.

Vanquished Creatures (collateral kills)
  An iguana (D:4)
  An adder skeleton (D:4)
2 creatures vanquished.

Vanquished Creatures (others)
  Eustachio (D:4)
  A sky beast (D:5)
  2 black bears
  A centaur (D:5)
  An ogre (D:4)
  A scorpion (D:5)
  7 jellies
  2 orc priests (D:5)
  A hound (D:5)
  An orc wizard (D:5)
  A gnoll (D:1)
  6 adders
  A worm (D:4)
  5 orcs
  A ball python (D:1)
  3 hobgoblins
  2 bats (D:2)
  2 goblins
  A kobold (D:4)
  A rat (D:2)
41 creatures vanquished.

Grand Total: 103 creatures vanquished

Notes
Turn   | Place    | Note
-------+----------+-------------------------------------------
     0 | D:1      | GordonOverkill the Deep Elf Brigand began the quest for the
                  | Orb.
     0 | D:1      | Reached XP level 1. HP: 12/12 MP: 3/3
   127 | D:1      | Found a faded altar of an unknown god.
   154 | D:1      | Became a worshipper of Jiyva Josunotz the Shapeless
   154 | D:1      | Reached * piety under Jiyva
   282 | D:1      | Reached skill level 5 in Stealth
   285 | D:1      | Found a broken altar of Ashenzari.
   293 | D:1      | Reached XP level 2. HP: 12/17 MP: 4/4
  1195 | D:2      | Reached XP level 3. HP: 21/21 MP: 5/5
  2262 | D:3      | Found a bloodstained altar of Trog.
  2463 | D:3      | Reached ** piety under Jiyva
  2844 | D:4      | Reached XP level 4. HP: 18/26 MP: 6/6
  3003 | D:4      | Noticed Eustachio
  3315 | D:4      | Killed Eustachio
  3395 | D:4      | Noticed a black bear
  3395 | D:4      | Killed a black bear
  3417 | D:4      | Noticed an ogre
  3527 | D:4      | Killed an ogre
  3734 | D:4      | Found a glowing golden altar of the Shining One.
  3852 | D:4      | Found a runed translucent door.
  4001 | D:4      | Found a staircase to the Ecumenical Temple.
  4192 | D:4      | Noticed teukkam's ghost (amateur TrFi)
  4220 | D:5      | Entered Level 5 of the Dungeon
  4237 | D:5      | Found a snail-covered altar of Cheibriados.
  4257 | D:5      | Reached XP level 5. HP: 26/31 MP: 7/7
  4358 | D:5      | Killed a centaur
  4643 | D:5      | Noticed Sigmund
  4647 | D:5      | Killed Sigmund
  4648 | D:5      | Reached skill level 5 in Short Blades
  4648 | D:5      | Reached skill level 6 in Stealth
  4648 | D:5      | Reached XP level 6. HP: 37/37 MP: 8/8
  4818 | D:5      | Killed a sky beast
  4910 | D:5      | Reached *** piety under Jiyva
  4922 | D:5      | Found an iron altar of Okawaru.
  5568 | D:5      | Found a sacrificial altar of Ru.
  5806 | D:6      | Reached XP level 7. HP: 41/41 MP: 9/9
  5843 | D:6      | Reached skill level 7 in Stealth
  5851 | D:6      | Noticed a steam dragon
  5884 | D:6      | Killed from afar by a steam dragon

Illustrated notes

Levels and vault maps discovered:
D:1:      lemuel_arrival_tunnels, layout_basic,
          ebering_ecumenical_altar_sacrificial, minmay_hexomino_r4
D:2:      layout_loops_corners
D:3:      layout_basic, mainiacjoe_overflow_tiny_flanked, minivault_24
D:4:      kennysheep_six_static_rooms, layout_loops_ring,
          mainiacjoe_overflow_small_starburst, minmay_temple_entry_poolview,
          ebering_ghost_sewer_d, uniq_eustachio
D:5:      layout_rooms, nicolae_ru_awakened_eye, kennysheep_slug_shrine,
          okawaru_gym_becter, minmay_fractal_squares_5, uniq_sigmund
D:6:      layout_basic, mainiacjoe_overflow_alcove_4, gup_sewer_entry_bowl,
          hangedman_decor_points, uniq_maggie, uniq_grinder

Skill      XL: |  1  2  3  4  5  6  7 |
---------------+----------------------+-----
Stealth        | 5 6 7 |  7.0
Fighting       | 2 3 |  3.5
Short Blades   | 3 4 5 |  5.8
Throwing       | |  2.0
Dodging        | |  1.2

Action                   |  1- 3 |  4- 6 |  7- 9 || total
-------------------------+-------+-------+-------++-------
Melee: Dagger            |    95 |   156 |     3 ||   254
Throw: Dart              |    36 |    11 |       ||    47
Invok: Request Jelly     |       |     2 |     3 ||     5
  Use: Scroll            |     7 |     3 |       ||    10
       Potion            |       |     4 |       ||     4
 Stab: Sleeping          |     2 |     6 |     1 ||     9
Armor: Robe              |     7 |       |       ||     7
       Ring mail         |    35 |    32 |     2 ||    69
Dodge: Dodged            |    46 |    62 |     3 ||   111
